 Dungeon Sprint DCSS version 0.30-a0-777-ga9a30cbeda (webtiles) character file.

Game seed: 5406880405731333588

1 sircluck the Trooper (level 1, -13/20 HPs)
             Began as a Hill Orc Fighter on Feb 13, 2023.
             Mangled by an ogre
             ... wielding a +0 giant spiked club
              (20 damage)
             ... in the Dungeon (Sprint VII: "The Pits").
             The game lasted 00:00:07 (39 turns).

sircluck the Trooper (Hill Orc Fighter)               Turns: 39, Time: 00:00:08

Health: -13/20     AC:  6    Str: 18    XL:     1   Next: 20%
Magic:  1/1        EV:  9    Int:  8    God:
Gold:   0          SH:  4    Dex: 10    Spells: 0/0 levels left

rFire   . . .      SeeInvis .    a - +0 war axe
rCold   . . .      Faith    .    c - +0 buckler
rNeg    . . .      Spirit   .    b - +0 scale mail
rPois   .          Reflect  .    (no helmet)
rElec   .          Harm     .    (no cloak)
rCorr   .          Rampage  .    (no gloves)
Will    .....      NoTele   +    (no boots) Stlth
                                 (no amulet)
HPRegen 0.23/turn                (no ring)
MPRegen 0.07/turn                (no ring)

@: no status effects
A: no striking features
a: no special abilities


You were in the Dungeon.
You visited 1 branch

Inventory:

Hand Weapons
 a - a +0 war axe (weapon)
Armour
 b - a +0 scale mail (worn)
 c - a +0 buckler (worn)
Scrolls
 j - a scroll of blinking
Potions
 d - a potion of might
 e - a potion of curing
 f - a potion of heal wounds
 g - a potion of haste
 h - 2 potions of magic
 i - a potion of berserk rage


   Skills:
 + Level 3.9 Fighting
 + Level 2.8 Axes
 + Level 3.5 Armour
 + Level 3.5 Shields


You couldn't memorise any spells.
You didn't know any spells.
Your spell library was empty.

Dungeon Overview and Level Annotations

Branches:
Dungeon (1/1)

Altars:


Message History

You block the bat's attack.
There is an open door here.
You block the bat's attack.
You hit the bat.
The bat is moderately wounded.
The bat hits you but does no damage.
You slash the bat!
You kill the bat!
You hit the ogre.
The ogre is lightly wounded.
You miss the frilled lizard.
The ogre hits you with a +0 giant spiked club!
Ouch! That really hurt!
The frilled lizard bites you but does no damage.
You are too injured to fight recklessly!
You are too injured to fight recklessly!
You are too injured to fight recklessly!
You are too injured to fight recklessly!
You are too injured to fight recklessly!
You are too injured to fight recklessly!
You are too injured to fight recklessly!
You are too injured to fight recklessly!
You are too injured to fight recklessly!
You are too injured to fight recklessly!
You are too injured to fight recklessly!
You are too injured to fight recklessly!
You are too injured to fight recklessly!
You are too injured to fight recklessly!
You slash the ogre!
The ogre is heavily wounded.
You closely miss the frilled lizard.
The frilled lizard bites you but does no damage.
The ogre misses you. The frilled lizard barely misses you.
You barely miss the ogre.
The ogre is heavily wounded.
You slash the frilled lizard!
You kill the frilled lizard!
The ogre hits you with a +0 giant spiked club!!
Ouch! That really hurt!
You die...

#.#
####'#
#.#
#.....
#.#
#.....
#.#
#.....
#.#
#...<.
#.#
#.....
#.#
#.....
#'#######
#.....
#@O.....#
######
#M†.#...#
#...# .#
#.##.#
#.. #..
#.. ...
#.. ..+
#### ##


You could see an ogre and a mummy.

Vanquished Creatures
  A bat (D)
  2 frilled lizards (D)
3 creatures vanquished.

Notes
Turn   | Place    | Note
-------+----------+-------------------------------------------
     0 | D        | sircluck the Hill Orc Fighter began the quest for the Orb.
     0 | D        | Reached XP level 1. HP: 19/19 MP: 1/1
    33 | D        | Noticed an ogre
    39 | D        | Mangled by an ogre

Illustrated notes

Levels and vault maps discovered:
D:        pitsprint [storerooms_1, entrance_room_1, metal_vault_3, armoury_1,
          mini_pit_1, grid_room_1, main_hall_1, silver_pit, the_coven_3,
          the_vestibule_1, steel_vault_2, golden_pit, hallway_of_sentries,
          crystal_vault_1, iron_vault_2, final_vault]

Action                     || total
---------------------------++-------
  Melee: War axe           ||     6
 Armour: Scale mail        ||     4
  Dodge: Dodged            ||     2
  Block: Buckler           ||     2

Table legend: (Time is in decaauts)
 A = Elapsed time spent in this place.
 B = Non-inter-level travel time spent in this place.
 C = Inter-level travel time spent in this place.
 D = Time resting spent in this place.
 E = Time spent auto-exploring this place.
 F = Levels seen in this place.
 G = Mean time per level.
                   A        B        C        D        E       F      G
               +--------+--------+--------+--------+--------+-----+--------+
         Total |     41 |     33 |      8 |      0 |      0 |   1 |   41.0 |
       Dungeon |     41 |     33 |      8 |      0 |      0 |   1 |   41.0 |
               +--------+--------+--------+--------+--------+-----+--------+

Top non-repeatable levels by time:
       D: 41 daAuts
